 Dungeon Crawl Stone Soup version 0.27.0-1-g7a089689b8 (webtiles) character file.

Game seed: 880044460790242867

0 thirtiethelement the Skirmisher (level 1, 0/18 HPs)
             Began as a Demonspawn Abyssal Knight on Aug 11, 2021.
             Was a Follower of Lugonu.
             Slain by an ufetubus (2 damage)
             ... summoned by a ynoxinul
             ... on level 1 of the Abyss.
             The game lasted 00:00:25 (242 turns).

thirtiethelement the Skirmisher (DsAK)               Turns: 242, Time: 00:00:25

Health: 0/18       AC:  3    Str: 12    XL:     1   Next: 0%
Magic:  2/2        EV: 11    Int: 13    God:    Lugonu [*.....]
Gold:   0          SH:  0    Dex: 12    Spells: 0/0 levels left

rFire    . . .     SeeInvis .   a - +1 falchion
rCold    . . .     Faith    .   (no shield)
rNeg     . . .     Spirit   .   b - +0 leather armour
rPois    .         Reflect  .   (no helmet)
rElec    .         Harm     .   (no cloak)
rCorr    .         Rampage  .   (no gloves)
Will     .....                  (no boots)
Stlth    +.........             (no amulet)
HPRegen  0.06/turn              (no ring)
MPRegen  0.08/turn              (no ring)

@: no status effects
A: no striking features
a: Renounce Religion, Depart the Abyss


You were on level 1 of the Abyss.
You worshipped Lugonu.
Lugonu was aware of your devotion.
You visited 0 branches of the dungeon, and saw 0 of its levels.
You visited the Abyss 1 time.

Inventory:

Hand Weapons
 a - a +1 falchion (weapon)
Missiles
 c - a throwing net
Armour
 b - a +0 leather armour (worn)
Scrolls
 e - a scroll of amnesia {unknown}
Potions
 d - a potion of invisibility {unknown}


   Skills:
 + Level 3.0 Fighting
 + Level 1.7 Long Blades
 + Level 1.7 Armour
 + Level 0.8 Dodging
 + Level 2.4 Invocations


You couldn't memorise any spells.
You didn't know any spells.
Your spell library was empty.

Dungeon Overview and Level Annotations

Branches:
Dungeon (0/15)

Altars:


Message History

The bosom of this dungeon contains the transcendent artefact, the Orb of Zot.
Lugonu says: Depart the Abyss and spread corruption, my servant! (use the ability menu to exit the Abyss) Press ? for a list of commands and other information.
Found a corrupted altar of Lugonu.
Found a gateway leading out of the Abyss.
c - a throwing net
Found a mace and 24 bolts.
Found 23 sling bullets.
d - a sedimented white potion You see here 23 sling bullets.
e - a scroll labelled OQAUSYFIRRI A ynoxinul comes into view.
The ynoxinul gestures.
You enter the shallow water.
Moving in this stuff is going to be slow.
The ufetubus barely misses you.
The ufetubus hits you but does no damage.
The ufetubus completely misses you. The ufetubus closely misses you.
The ufetubus hits you. x2
The ufetubus hits you.
The ufetubus hits you but does no damage.
The ufetubus hits you. x2
You closely miss the ufetubus. The ufetubus misses you.
The ufetubus closely misses you.
You miss the ufetubus. The ufetubus barely misses you. The ufetubus hits you.
* * * LOW HITPOINT WARNING * * *
The ufetubus misses you. The ufetubus closely misses you.
The ufetubus barely misses you.
The ufetubus hits you but does no damage.
You hit the ufetubus.
The ufetubus is almost dead.
The ufetubus completely misses you. The ufetubus hits you.
* * * LOW HITPOINT WARNING * * *
The ufetubus hits you but does no damage.
The ufetubus barely misses you. The ufetubus hits you.
* * * LOW HITPOINT WARNING * * *
The ufetubus closely misses you. The ufetubus hits you.
* * * LOW HITPOINT WARNING * * *
The ufetubus hits you.
You die...

#. .## ... #.## ..
.. #°°.. # #.#. #
°#.## ###. ###.
°.... # ##@###.
.##≈≈.##.#
#.553..#.. ≈≈#.#.##
########...≈♣.#....
#.#5.≈♣...#.
#.##3≈≈# . # ##
.#.#≈≈#. ## ##.
##.# ≈..# #5#
##..#.#3..≈ ♣≈≈≈
#... ..##..#.≈≈≈≈≈♣


You could see a ynoxinul and 2 ufetubi.

Vanquished Creatures (others)
  A small abomination (Abyss:1)
1 creature vanquished.

Notes
Turn   | Place    | Note
-------+----------+-------------------------------------------
     0 | Abyss:1  | thirtiethelement the Demonspawn Abyssal Knight began the
                  | quest for the Orb.
     0 | Abyss:1  | Reached XP level 1. HP: 18/18 MP: 2/2
   217 | Abyss:1  | Noticed a ynoxinul
   223 | Abyss:1  | Killed a small abomination
   242 | Abyss:1  | Slain by an ufetubus

Illustrated notes

Levels and vault maps discovered:
Abyss:1:  base: Temple, base: Temple, lemuel_flamethrower_3

Action                   || total
-------------------------++-------
Melee: Falchion          ||     3
Armor: Leather armour    ||     4
Dodge: Dodged            ||    12
